 Dungeon Crawl Stone Soup version 0.14-a0-1169-g4815781 (webtiles) character file.

127 PolkaDot the Vexing (level 3, -2/24 HPs)
             Began as a Vampire Enchanter on Nov 29, 2013.
             Slain by a kobold
             ... wielding a +0,+0 long sword
              (7 damage)
             ... on Level 2 of the Dungeon.
             The game lasted 00:03:00 (959 turns).

PolkaDot the Vexing (Vampire Enchanter)              Turns: 959, Time: 00:03:01

HP  -2/24        AC  3     Str  7      XL: 3   Next: 60%
MP   5/6         EV 12     Int 17      God:
Gold 75          SH  0     Dex 15      Spells:  1 memorised,  3 levels left

rFire  . . .     SeeInvis +     a - +1 dagger
rCold  . . .     Clarity  .     b - +1 robe
rNeg   . . .     Conserve .     (no shield)
rPois  .         rCorr    .     (no helmet)
rElec  .         rRot     .     (no cloak)
SustAb . .       Spirit   .     (no gloves)
rMut   .         Warding  .     (no boots)
Saprov . . .     Stasis   .     (no amulet)
                                (no ring)
                                (no ring)

@: regenerating quickly, slightly resistant to hostile enchantments, stealthy
A: fangs 3, see invisible, unbreathing
a: no special abilities


You were on level 2 of the Dungeon.
You were very full.

You visited 1 branch of the dungeon, and saw 2 of its levels.

You collected 75 gold pieces.

Inventory:

Hand weapons
 a - a +1,+1 dagger (weapon)
Missiles
 d - 12 darts (quivered)
Armour
 b - a +1 robe (worn)
Scrolls
 e - a scroll of fear {unknown}
 g - 2 scrolls of random uselessness {unknown}
 h - a scroll of enchant weapon I {unknown}
 i - a scroll of teleportation {unknown}
 j - a scroll of magic mapping {unknown}
 k - a scroll of enchant weapon II {unknown}
 m - a scroll of fog {unknown}
Potions
 f - a potion of lignification {unknown}
 l - a potion of cure mutation {unknown}
Books
 c - a book of Maledictions

   Spells                             Type                      Level
   *Corona                            Hexes                        1
   Sure Blade                         Hexes/Charms                 2
   Ensorcelled Hibernation            Hexes/Ice                    2
   Confuse                            Hexes                        3
   Enslavement                        Hexes                        4
   Invisibility                       Hexes                        6


   Skills:
 * Level 2.5 Short Blades
 - Level 0.7 Throwing
 - Level 2.1 Dodging
 + Level 4.0 Stealth
 - Level 1.0 Spellcasting
 + Level 5.3 Hexes


You had 3 spell levels left.
You knew the following spells:

 Your Spells              Type           Power        Failure   Level  Hunger
a - Corona                Hex            ###....      2%          1    ##.....


Dungeon Overview and Level Annotations

Branches:
Dungeon (2/16)

Altars:


Innate Abilities, Weirdness & Mutations

Your natural rate of healing is unusually fast.
You have razor-sharp teeth.*
You have supernaturally acute eyesight.
You can survive without breathing.*


Message History

You see here a stone.
The kobold closely misses you.
Items here: %% ( )) an orcish club; a hobgoblin corpse; a kobold corpse; an uncursed sling 24 stones
Casting: Corona
Confirm with . or Enter, or press ? or * to list all spells.
Aiming: Corona
Press: ? - help, Shift-Dir - straight line, f/p - kobold
Aim: a kobold, wielding a long sword (heavily wounded)
The kobold is outlined in light.
The kobold barely misses you.
You hit the kobold but do no damage. Your bite misses the kobold.
The kobold is heavily wounded.
You hit the kobold but do no damage.
The kobold is heavily wounded.
The kobold misses you.
You hit the kobold but do no damage.
The kobold is heavily wounded.
The kobold hits you with a long sword!
You die...

#.###.................
#.# #......##..#......
#.# #.....###..######+
..# #.....# #..#
#####..(..###..#### ##
...............+
....###.#.######.####
#...............#
##$###@#.########
#K#.# #.#(# #.#K#
#.###.#)## #........#
#####.$........
......##### .$......>.


You could see a kobold.

Vanquished Creatures
  An adder (D:2)
  2 giant geckos
  An ooze (D:1)
  2 giant cockroaches (D:1)
  6 goblins
  5 hobgoblins
  3 jackals (D:1)
  3 kobolds
  7 bats
  2 giant newts (D:1)
  6 rats
38 creatures vanquished.

Notes
Turn   | Place    | Note
--------------------------------------------------------------
     0 | D:1      | PolkaDot, the Vampire Enchanter, began the quest for the Orb.
     0 | D:1      | Reached XP level 1. HP: 13/13 MP: 4/4
   134 | D:1      | Reached XP level 2. HP: 19/19 MP: 5/5
   291 | D:1      | Reached skill level 5 in Hexes
   419 | D:1      | Reached XP level 3. HP: 6/24 MP: 6/6
   935 | D:2      | HP: 1/24 [kobold/long sword (9)]
   959 | D:2      | Slain by a kobold

Action                   || total
-------------------------++-------
Melee: Dagger            ||   216
 Cast: Corona            ||     4
  Use: Potion            ||     4
 Stab: Sleeping          ||     3
